 Dungeon Crawl Stone Soup version 0.21-a0-414-gba8bdf1 (webtiles) character file.

1431 slep the Carver (level 8, 0/68 HPs)
             Began as a Minotaur Gladiator on Nov 3, 2017.
             Was a Follower of Qazlal.
             Killed from afar by Psyclone's ghost (7 damage)
             ... with a magic dart
             ... in an ossuary.
             The game lasted 00:23:41 (4288 turns).

slep the Carver (Minotaur Gladiator)                Turns: 4288, Time: 00:23:41

Health: 0/68       AC:  5    Str: 22 (24) XL:     8   Next: 45%
Magic:  7/7        EV: 14    Int:  4 (5)  God:    Qazlal [*.....]
Gold:   209        SH:  1    Dex: 12 (14) Spells: 7/7 levels left

rFire    . . .     SeeInvis .   L - +0 great sword
rCold    . . .     Gourm    .   (shield currently unavailable)
rNeg     . . .     Faith    .   b - +0 leather armour
rPois    .         Spirit   .   c - +0 hat
rElec    .         Reflect  .   l - +0 cloak
rCorr    +         Harm     .   (no gloves)
MR       .....                  (no boots)
Stlth    +.........             v - amulet of inaccuracy (curse)
HPRegen  0.21/turn              x - ring of resist corrosion
MPRegen  0.10/turn              (no ring)

@: mighty, flying, very slightly contaminated, invisible
A: retaliatory headbutt, horns 2, blurry vision 1, shaggy fur 1, evolution 1
a: Renounce Religion


You were in an ossuary.
You worshipped Qazlal.
Qazlal was aware of your devotion.
You were very hungry.

You visited 2 branches of the dungeon, and saw 7 of its levels.
You also visited: Ossuary.

You collected 209 gold pieces.

Inventory:

Hand Weapons
 a - a +0 long sword
 p - a +2 short sword of electrocution
 q - a +3 hunting sling
 B - the +6 hunting sling "Rootriz" {flame, Str+7}
   (You found it on level 4 of the Dungeon)

   It causes projectiles fired from it to burn those they strike, causing extra
   injury to most foes and up to half again as much damage against particularly
   susceptible opponents.
   It affects your strength (+7).
 L - a +0 great sword (weapon)
Missiles
 d - 4 throwing nets (quivered)
 u - 19 sling bullets
Armour
 b - a +0 leather armour (worn)
 c - a +0 hat (worn)
 l - a +0 cloak (worn)
Jewellery
 v - a cursed amulet of inaccuracy (around neck)
 x - a ring of resist corrosion (left hand)
 C - an uncursed amulet of rage {unknown}
Wands
 y - a wand of acid (8/15)
 E - a wand of disintegration (11/24)
Scrolls
 e - a scroll of noise {unknown}
 i - a scroll of immolation {unknown}
 j - 7 scrolls of teleportation {unknown}
 k - 4 scrolls of blinking {unknown}
 m - 2 scrolls of amnesia {unknown}
 o - a scroll of fear {unknown}
 t - 2 scrolls of remove curse {unknown}
 z - 4 scrolls of identify {unknown}
 H - a scroll of recharging {unknown}
 I - a scroll of enchant weapon {unknown}
 K - a scroll of magic mapping {unknown}
 N - a scroll of fog {unknown}
Potions
 n - 2 potions of invisibility
 w - a potion of heal wounds {unknown}
 A - a potion of lignification {unknown}
 F - a potion of curing {unknown}
 G - 2 potions of flight
 M - a potion of haste {unknown}
Comestibles
 f - 3 bread rations
 h - 8 fruits
 D - a royal jelly


   Skills:
 + Level 5.3 Fighting
 + Level 9.1 Long Blades
 + Level 3.3(3.7) Slings
 + Level 2.1(2.9) Throwing
 + Level 3.9 Armour
 + Level 5.5 Dodging
 + Level 1.2 Stealth


You had 7 spell levels left.
You didn't know any spells.

Dungeon Overview and Level Annotations

Branches:
Dungeon (6/15)             Temple (1/1) D:4

Altars:
Cheibriados
Dithmenos
Elyvilon
Fedhas
Gozag
Hepliaklqana
Kikubaaqudgha
Nemelex Xobeh
Okawaru
Qazlal
Ru
Uskayaw
Vehumet
Wu Jian
Yredelemnul
Zin

Shops:
D:4 (   D:5 *   D:6 (*

Annotations:
Ossuary Psyclone's ghost, amateur DECj


Innate Abilities, Weirdness & Mutations

You reflexively headbutt those who attack you in melee.
You have a pair of horns on your head.
Scrolls take you a little longer to read.
You are covered in fur. (AC +1)
You evolve.


Message History

You destroy the human zombie!
Qazlal accepts your kill.
You slice the scorpion!!
You kill the scorpion!
Qazlal accepts your kill.
Your Long Blades skill increases to level 9!
You slice the scorpion!!
You kill the scorpion!
Qazlal accepts your kill.
You feel your dexterity returning.
You slash the goblin zombie!
You destroy the goblin zombie!
Qazlal accepts your kill.
Psyclone's ghost gestures at you while chanting.
Psyclone's ghost casts a spell at you. The magic dart hits you!
* * * LOW HITPOINT WARNING * * *
Psyclone's ghost gestures at you while chanting.
The magic dart hits you!
You die...

###################
#...#!..#...#.....#
#...M..W#...'.....#
..W#ZsM#.^.#.....8
##'#######'##......
#†@.#...#...#......
#...8...#...###8...
#.......#...#......
##8..†8###'##......
#.......#^^.#.....8
#...8...'^^.#.....#
#...#...#^..#.....#
##+###########'####
#...#...#...#M!


You could see a mummy and Psyclone's ghost.

Vanquished Creatures
  The ghost of slep the Sneak, an amateur OpAs (D:3)
  An ice beast (D:5)
  A phantom (D:4)
  An ogre (D:5)
  A centaur (D:5)
  5 scorpions
  2 crimson imps
  A quasit (D:5)
  2 centaur zombies (Ossuary)
  3 hounds (D:4)
  2 human zombies (Ossuary)
  A bullfrog skeleton (D:4)
  An orc wizard (D:5)
  An iguana (D:5)
  4 worker ants
  3 big kobold zombies (Ossuary)
  A hound zombie (D:6)
  A hound skeleton (D:4)
  Robin (D:2)
  A worker ant zombie (D:5)
  4 adders
  3 scorpion zombies (Ossuary)
  An adder skeleton (D:4)
  2 worms
  A dart slug (D:2)
  2 leopard geckos
  6 orcs
  3 giant cockroaches
  2 gnoll zombies (Ossuary)
  13 hobgoblins
  4 jackals (D:5)
  5 kobolds
  2 quokkas
  A ball python (D:5)
  8 bats
  2 frilled lizards
  17 goblins
  3 goblin zombies (Ossuary)
  A hobgoblin zombie (Ossuary)
  A kobold zombie (Ossuary)
  2 orc zombies (Ossuary)
  A rat (D:1)
118 creatures vanquished.

Notes
Turn   | Place    | Note
-------+----------+-------------------------------------------
     0 | D:1      | slep the Minotaur Gladiator began the quest for the Orb.
     0 | D:1      | Reached XP level 1. HP: 18/18 MP: 0/0
   197 | D:1      | Reached XP level 2. HP: 15/25 MP: 1/1
   763 | D:2      | Reached XP level 3. HP: 14/30 MP: 2/2
   796 | D:2      | Noticed Robin
   797 | D:2      | Reached skill level 1 in Armour
   814 | D:2      | Reached skill level 4 in Long Blades
   830 | D:2      | Killed Robin
  1044 | D:2      | Found an opulent altar of Gozag.
  1044 | D:2      | Found a glowing silver altar of Zin.
  1102 | D:2      | Reached XP level 4. HP: 38/38 MP: 3/3
  1354 | D:3      | Reached skill level 5 in Long Blades
  1541 | D:3      | Reached XP level 5. HP: 43/45 MP: 4/4
  1566 | D:3      | Noticed slep's ghost (amateur OpAs)
  1587 | D:3      | Killed slep's ghost
  1587 | D:3      | Reached skill level 6 in Long Blades
  1587 | D:3      | Reached XP level 6. HP: 7/51 MP: 5/5
  1844 | D:4      | Found an ornate altar of the Wu Jian Council.
  1846 | D:4      | Got a pitted hunting sling
  1847 | D:4      | Identified the +6 hunting sling "Rootriz" {flame, Str+7} (You found it on level 4 of the Dungeon)
  1861 | D:4      | Reached skill level 1 in Slings
  1866 | D:4      | Found a sparkling altar of Nemelex Xobeh.
  1866 | D:4      | Found a sacrificial altar of Ru.
  2207 | D:4      | Found Gazoas's Antique Weapon Boutique.
  2231 | D:4      | Reached XP level 7. HP: 59/59 MP: 6/6
  2309 | D:4      | Reached skill level 1 in Stealth
  2512 | D:4      | Found a staircase to the Ecumenical Temple.
  2517 | Temple   | Entered the Ecumenical Temple
  2679 | Temple   | Became a worshipper of Qazlal Stormbringer
  3161 | D:2      | You fall through a shaft!
  3229 | D:5      | Entered Level 5 of the Dungeon
  3295 | D:5      | Reached skill level 7 in Long Blades
  3295 | D:5      | Reached skill level 5 in Dodging
  3346 | D:5      | Found Optops's Assorted Antiques.
  3365 | D:5      | Found a snail-covered altar of Cheibriados.
  3646 | D:5      | Reached skill level 8 in Long Blades
  3971 | D:6      | Found Arpho Zam's General Store.
  4002 | D:6      | Found Lilesoil's Antique Weapon Shoppe.
  4059 | D:6      | Found a white marble altar of Elyvilon.
  4065 | D:6      | Reached XP level 8. HP: 61/67 MP: 7/7
  4137 | D:6      | Found a sand-covered staircase.
  4142 | Ossuary  | Entered an ossuary
  4208 | Ossuary  | Reached * piety under Qazlal
  4214 | Ossuary  | Reached skill level 5 in Fighting
  4218 | Ossuary  | Noticed Psyclone's ghost (amateur DECj)
  4274 | Ossuary  | Gained mutation: Scrolls take you a little longer to read. [potion of mutation]
  4274 | Ossuary  | Gained mutation: You evolve. [potion of mutation]
  4274 | Ossuary  | Gained mutation: You are covered in fur. (AC +1) [potion of mutation]
  4284 | Ossuary  | Reached skill level 9 in Long Blades
  4288 | Ossuary  | Killed from afar by Psyclone's ghost

Vault maps used:
D:1:      sevenhm_arrival_forest_fort_small_6, serial_bayou_crossing
D:2:      grunt_temple_overflow_gold_and_silver, first_bread, uniq_robin
D:4:      grunt_temple_overflow_open, temple_statues, serial_shops,
          nicolae_shop_trees
D:5:      cheibriados_altar_1, serial_shops, shop_statue, minivault_19,
          kennysheep_generic_room_2
D:6:      nicolae_overflow_hidden_temple, marbit_many_paths,
          lemuel_crystal_altar, serial_shops, shop_fountains,
          kennysheep_mini_moat, shop, shop, kennysheep_mini, enter_ossuary_5,
          uniq_grinder
Temple:   nicolae_temple_figure_zero
Ossuary:  ossuary_minmay_scorpions

Skill      XL: |  1  2  3  4  5  6  7  8 |
---------------+-------------------------+-----
Dodging        | 4 5 |  5.5
Armour         | 1 2 3 |  3.9
Long Blades    | 4 5 6 8 9 |  9.1
Fighting       | 3 4 5 |  5.3
Slings         | 2 3 |  3.3
Stealth        | 1 |  1.2
Throwing       | |  2.1

Action                   |  1- 3 |  4- 6 |  7- 9 || total
-------------------------+-------+-------+-------++-------
Melee: Long sword        |    89 |    66 |    44 ||   199
       Headbutt          |     9 |    18 |    32 ||    59
       Short sword       |       |     6 |       ||     6
       Great sword       |       |       |    93 ||    93
 Fire: Hunting sling     |       |    14 |       ||    14
Throw: Throwing net      |     1 |       |       ||     1
  Use: Potion            |       |       |     5 ||     5
 Stab: Invisible         |       |       |     1 ||     1
  Eat: Chunk             |     1 |     3 |     5 ||     9
       Fruit             |       |       |     1 ||     1
Armor: Leather armour    |    24 |    13 |    27 ||    64
Dodge: Dodged            |    51 |    50 |   115 ||   216
Block: Other             |       |       |     1 ||     1
       Rpst.: Long sword |    10 |    13 |    13 ||    36
       Great sword       |       |       |    26 ||    26

Table legend:
 A = Spawn XP
 B = Non-spawn XP
 C = Spawn XP percentage of total XP
 D = Spawn monster count
 E = Non-spawn monster count
 F = Spawn count percentage of total count
 G = Total turns spent on level
                    A         B        C        D         E        F      G
               +---------+---------+-------+---------+---------+-------+---------
         Total |       0 |    2045 |   0.0 |       0 |     118 |   0.0 |  4288
               +---------+---------+-------+---------+---------+-------+---------
           D:1 |       0 |      27 |   0.0 |       0 |      17 |   0.0 |   700
           D:2 |       0 |      70 |   0.0 |       0 |      28 |   0.0 |   529
           D:3 |       0 |     305 |   0.0 |       0 |      15 |   0.0 |   714
           D:4 |       0 |     389 |   0.0 |       0 |      13 |   0.0 |  1111
           D:5 |       0 |     627 |   0.0 |       0 |      19 |   0.0 |   742
           D:6 |       0 |      73 |   0.0 |       0 |       3 |   0.0 |   171
       Ossuary |       0 |     554 |   0.0 |       0 |      23 |   0.0 |   146
               +---------+---------+-------+---------+---------+-------+---------
